 Dungeon Crawl Stone Soup version 0.25-a0-566-g062765be81 (webtiles) character file.

Game seed: 12929935670506965589, levelgen mode: deterministic

360 Gargoyl the Skirmisher (level 6, -1/52 HPs)
             Began as a Centaur Abyssal Knight on Feb 28, 2020.
             Was a Priest of Lugonu.
             Succumbed to an orc wizard's poison
             ... on level 4 of the Dungeon.
             The game lasted 00:05:23 (3308 turns).

Gargoyl the Skirmisher (Centaur Abyssal Knight)     Turns: 3308, Time: 00:05:24

Health: -1/52      AC:  8    Str: 15    XL:     6   Next: 38%
Magic:  8/8        EV: 10    Int: 16    God:    Lugonu [***...]
Gold:   146        SH:  0    Dex: 10    Spells: 5/5 levels left

rFire    + . .     SeeInvis .   a - +4 hand axe
rCold    + . .     Gourm    .   (no shield)
rNeg     . . .     Faith    .   l - +2 animal skin
rPois    .         Spirit   .   m - +1 helmet {Int+3}
rElec    .         Reflect  .   q - scarf {rC+ rF+}
rCorr    .         Harm     .   (no gloves)
MR       .....     Rnd*Tele +   (no barding)
Stlth    +.........             (no amulet)
HPRegen  0.17/turn              e - +2 ring of intelligence
MPRegen  0.11/turn              g - ring of teleportation (curse)

@: lethally poisoned (-1 -> -31), very quick
A: large, hooves 3, deformed body, deterioration 1, speed 2, tough skin 3
a: Depart the Abyss, Bend Space, Banish, Renounce Religion


You were on level 4 of the Dungeon.
You worshipped Lugonu.
Lugonu was most pleased with you.
You were not hungry.

You visited 1 branch of the dungeon, and saw 4 of its levels.
You visited the Abyss 1 time.

You collected 146 gold pieces.

Inventory:

Hand Weapons
 a - a +4 hand axe (weapon)
Armour
 l - a +2 animal skin (worn)
 m - a +1 helmet of intelligence (worn)
 q - a scarf of resistance (worn)
Jewellery
 e - a +2 ring of intelligence (left hand)
 g - a cursed ring of teleportation (right hand)
 h - an uncursed ring of protection from fire
Scrolls
 b - a scroll of blinking
 f - a scroll of fog
 s - a scroll of identify
Potions
 d - a potion of might
 i - a potion of ambrosia {unknown}
 j - 2 potions of heal wounds {unknown}
 n - a potion of magic {unknown}
 p - a potion of invisibility {unknown}
 r - a potion of resistance {unknown}
Comestibles
 c - 7 rations
 t - 4 chunks of flesh


   Skills:
 + Level 4.0 Fighting
 + Level 3.4 Axes
 * Level 2.7 Armour
 * Level 2.2 Dodging
 * Level 3.0 Invocations


You had 5 spell levels left.
You didn't know any spells.
Your spell library was empty.

Dungeon Overview and Level Annotations

Branches:
Dungeon (4/15)
 Temple: D:4-7

Altars:
Elyvilon
Xom
Yredelemnul


Innate Abilities, Weirdness & Mutations

You have hooves in place of feet.
Armour fits poorly on your strangely shaped body.
You cover ground very quickly.
You have extremely tough skin. (AC +3)
Your body sometimes deteriorates upon taking damage.


Message History

You hit the orc. Your kick misses the orc.
The orc is heavily wounded.
You barely miss something. You slash the adder skeleton!
You destroy the adder skeleton!
Lugonu accepts your kill.
* * * LOW HITPOINT WARNING * * *
You feel sick.
The giant cockroach waves its antennae.
Something hits you.
* * * LOW HITPOINT WARNING * * *
You are more poisoned.
The orc closely misses you. The giant cockroach barely misses you.
You hit the orc. You kick the orc.
You kill the orc!
Lugonu accepts your kill.
You hit something. Lugonu accepts your kill.
Reactivating autopickup.
You feel a bit more experienced.
You closely miss the giant cockroach.
You die...

#.........# #.........#...'...#.
#.........# #.........#..######.
#.........# #.........#..##...##
#.........# #.........#..##.....
#........<# #.........#'###.....
#......รท..+ #.........#...#...##
#.........# #)........#...#...##
#.........##+#.)s......#...#.....
#...............@......#...#....#
#...........P.P.)....<.#...#....#
#............_.........#...#....#
#.........?.P.P........#...#....#
#.....#####............#...#....P
#..... #..#........?#...#....P
#..... #..#.........#...#....P
#..#.........#...#..... #####


You could see a giant cockroach.

Vanquished Creatures
  A hound (D:4)
  3 orc wizards
  An iguana (D:4)
  A worker ant (D:4)
  Terence (D:2)
  Robin (D:2)
  4 adders
  An ooze (D:2)
  An adder skeleton (D:4)
  5 worms
  2 dart slugs (D:2)
  A leopard gecko (D:1)
  9 orcs
  8 bats
  4 giant cockroaches
  15 goblins
  8 hobgoblins
  13 jackals
  2 ball pythons
  5 frilled lizards
  9 kobolds
  12 rats
107 creatures vanquished.

Vanquished Creatures (others)
  A small abomination (Abyss:2)
1 creature vanquished.

Grand Total: 108 creatures vanquished

Notes
Turn   | Place    | Note
-------+----------+-------------------------------------------
     0 | Abyss:1  | Gargoyl the Centaur Abyssal Knight began the quest for the
                  | Orb.
     0 | Abyss:1  | Reached XP level 1. HP: 19/19 MP: 2/2
    65 | Abyss:2  | Noticed an ancient zyme
    66 | Abyss:2  | Noticed a large abomination
   107 | Abyss:2  | Noticed a neqoxec
   109 | Abyss:2  | Gained mutation: Your body sometimes deteriorates upon
                  | taking damage. [a neqoxec]
   126 | Abyss:2  | Noticed a ynoxinul
   137 | Abyss:2  | Noticed a smoke demon
   153 | Abyss:2  | Noticed a starcursed mass
   157 | Abyss:2  | Noticed a profane servitor
   161 | Abyss:2  | Killed a small abomination
   170 | Abyss:2  | Noticed a golden dragon skeleton
   184 | D:1      | Escaped the Abyss
   536 | D:1      | Reached * piety under Lugonu
   752 | D:1      | Reached XP level 2. HP: 26/26 MP: 3/3
   790 | D:1      | Reached skill level 1 in Dodging
  1478 | D:2      | Reached XP level 3. HP: 8/31 MP: 4/4
  1513 | D:2      | Found a white marble altar of Elyvilon.
  1724 | D:2      | Reached ** piety under Lugonu
  1729 | D:2      | Reached XP level 4. HP: 36/40 MP: 5/5
  1961 | D:2      | Noticed Robin
  1983 | D:2      | Killed Robin
  2067 | D:2      | Noticed Terence
  2085 | D:2      | Killed Terence
  2085 | D:2      | Reached XP level 5. HP: 39/46 MP: 6/6
  2687 | D:3      | Reached *** piety under Lugonu
  2783 | D:3      | Found a shimmering altar of Xom.
  2783 | D:3      | Found a shimmering altar of Xom.
  2784 | D:3      | Found a shimmering altar of Xom.
  2784 | D:3      | Found a shimmering altar of Xom.
  2785 | D:3      | Found a shimmering altar of Xom.
  2792 | D:3      | Found a shimmering altar of Xom.
  3102 | D:4      | Found a basalt altar of Yredelemnul.
  3115 | D:4      | Reached skill level 4 in Fighting
  3222 | D:4      | Reached XP level 6. HP: 47/52 MP: 8/8
  3307 | D:4      | HP: 2/52 [something (6)]
  3308 | D:4      | Succumbed to an orc wizard's poison

Levels and vault maps discovered:
D:1:      dpeg_arrival_arbitrary_c, layout_basic
D:2:      layout_rooms, elyvilon_altar_5, uniq_terence, uniq_robin
D:3:      layout_rooms, xom_redecorated
D:4:      layout_gridville, grunt_qazlal_sundering, old_standard_altar,
          yredelemnul_altar_generic, first_ration, sigmund_edmund_badplayer

Skill      XL: |  1  2  3  4  5  6 |
---------------+-------------------+-----
Dodging        | 1 2 |  2.2
Axes           | 2 3 |  3.4
Armour         | 2 |  2.7
Fighting       | 4 |  4.0
Invocations    | 3 |  3.0

Action                   |  1- 3 |  4- 6 || total
-------------------------+-------+-------++-------
Melee: Hand axe          |    67 |   148 ||   215
       Kick              |     9 |    23 ||    32
Invok: Depart the Abyss  |     1 |       ||     1
  Use: Scroll            |     7 |     3 ||    10
       Potion            |     2 |       ||     2
  Eat: Chunk             |     2 |     4 ||     6
Armor: Ring mail         |    38 |    15 ||    53
       Leather armour    |     3 |       ||     3
       Animal skin       |       |    55 ||    55
Dodge: Dodged            |    25 |    97 ||   122

Table legend:
 A = Non-vault XP
 B = Vault XP
 C = Vault XP percentage of total XP
 D = Non-vault monster count
 E = Vault monster count
 F = Vault count percentage of total count
                 A         B        C        D         E       F
            +---------+---------+-------+---------+---------+-------
      Total |     443 |      72 |  14.0 |      93 |      14 |  13.1
            +---------+---------+-------+---------+---------+-------
        D:1 |      35 |       0 |   0.0 |      23 |       0 |   0.0
        D:2 |     110 |      72 |  39.6 |      27 |      14 |  34.1
        D:3 |      90 |       0 |   0.0 |      26 |       0 |   0.0
        D:4 |     208 |       0 |   0.0 |      17 |       0 |   0.0
            +---------+---------+-------+---------+---------+-------
